 Dungeon Crawl Stone Soup version 0.22-a0-355-g201945f (webtiles) character file.

43 robertstho the Chopper (level 3, 0/34 HPs)
             Began as a Hill Orc Berserker on Apr 17, 2018.
             Was a Follower of Trog.
             Succumbed to an adder's poison
             ... on level 2 of the Dungeon.
             The game lasted 00:03:14 (1647 turns).

robertstho the Chopper (Hill Orc Berserker)         Turns: 1647, Time: 00:03:15

Health: 0/34       AC:  2    Str: 16 (19) XL:     3   Next: 58%
Magic:  3/3        EV: 12    Int:  5 (7)  God:    Trog [*.....]
Gold:   16         SH:  0    Dex:  9 (11) Spells: 2/2 levels left

rFire    . . .     SeeInvis .   a - +0 hand axe
rCold    . . .     Gourm    .   (no shield)
rNeg     . . .     Faith    .   b - +0 animal skin
rPois    .         Spirit   .   (no helmet)
rElec    .         Reflect  .   (no cloak)
rCorr    .         Harm     .   (no gloves)
MR       .....                  (no boots)
Stlth    +.........             (no amulet)
HPRegen  0.11/turn              (no ring)
MPRegen  0.08/turn              (no ring)

@: lethally poisoned (0 -> -6), berserk cooldown, hasted and slowed
A: no striking features
a: Berserk, Renounce Religion


You were on level 2 of the Dungeon.
You worshipped Trog.
Trog was aware of your devotion.
You were not hungry.

You visited 1 branch of the dungeon, and saw 2 of its levels.

You collected 16 gold pieces.

Inventory:

Hand Weapons
 a - a +0 hand axe (weapon)
Armour
 b - a +0 animal skin (worn)
Wands
 h - a wand of flame (13)
Scrolls
 e - a scroll of fear
 i - a scroll of enchant armour
Comestibles
 c - 3 rations
 d - a chunk of flesh


   Skills:
 * Level 4.5 Fighting
 * Level 5.0 Axes
 + Level 2.2 Armour
 + Level 1.6 Dodging


You had 2 spell levels left.
You didn't know any spells.

Dungeon Overview and Level Annotations

Branches:
Dungeon (2/15)

Altars:


Message History

You feel sick.
It was a potion of haste.
You feel yourself speed up.
* * * LOW HITPOINT WARNING * * *
You feel sick.
Okay, then.
* * * LOW HITPOINT WARNING * * *
You feel sick.
You see here a chunk of flesh.
d - a chunk of flesh
* * * LOW HITPOINT WARNING * * *
You feel sick.
Okay, then.
You aren't carrying any potions.
As you read the scroll labeled UJUFIU ANYALL, it crumbles to dust.
You assume a fearsome visage.
Nothing appears to happen.
It was a scroll of fear.
As you read the scroll labeled ZIUJASTU ROF EJO, it crumbles to dust.
It is a scroll of identify.
i - a scroll of enchant armour You die...

#...# # #...# ###.### #...#
... .. #####...##### ..
...#.
##.?.........#..#..#.#.
.......................
#..>........# #...##. #)..#
##...##. #@..# ........
#...# ###.#.#. #(..# #....#
########(## #.....
#.....##(# #.##.#
#.....##.# #.##.#
####.......(# #.##..
.........#### ######.####
.###.....########...##.####


There were no monsters in sight!

Vanquished Creatures
  2 adders (D:2)
  A worm (D:2)
  2 leopard geckos
  2 hobgoblins (D:1)
  A quokka (D:2)
  A ball python (D:2)
  2 frilled lizards (D:2)
  2 goblins (D:1)
  5 kobolds
  5 rats
23 creatures vanquished.

Notes
Turn   | Place    | Note
-------+----------+-------------------------------------------
     0 | D:1      | robertstho the Hill Orc Berserker began the quest for the Orb.
     0 | D:1      | Reached XP level 1. HP: 19/19 MP: 1/1
   596 | D:1      | Reached XP level 2. HP: 23/27 MP: 2/2
  1339 | D:2      | Reached XP level 3. HP: 21/34 MP: 3/3
  1636 | D:2      | Reached skill level 5 in Axes
  1645 | D:2      | HP: 1/34 [poisoned by an adder]
  1647 | D:2      | Succumbed to an adder's poison

Vault maps used:
D:1:      dpeg_arrival_shrine, serial_curves, eino_curves_02, eino_curves_02
D:2:      first_ration, uniq_sigmund, uniq_jessica

Skill      XL: |  1  2  3 |
---------------+----------+-----
Fighting       | 4 |  4.5
Axes           | 5 |  5.0
Armour         | |  2.2
Dodging        | |  1.6

Action                   || total
-------------------------++-------
Melee: Hand axe          ||    78
Invok: Berserk           ||     3
  Use: Scroll            ||     2
       Potion            ||     2
  Eat: Chunk             ||     5
Armor: Animal skin       ||    13
Dodge: Dodged            ||    40

Table legend:
 A = Spawn XP
 B = Non-spawn XP
 C = Spawn XP percentage of total XP
 D = Spawn monster count
 E = Non-spawn monster count
 F = Spawn count percentage of total count
 G = Total turns spent on level
                    A         B        C        D         E        F      G
               +---------+---------+-------+---------+---------+-------+---------
         Total |       0 |      62 |   0.0 |       0 |      23 |   0.0 |  1647
               +---------+---------+-------+---------+---------+-------+---------
           D:1 |       0 |      18 |   0.0 |       0 |      11 |   0.0 |  1246
           D:2 |       0 |      44 |   0.0 |       0 |      12 |   0.0 |   401
               +---------+---------+-------+---------+---------+-------+---------
